 Dungeon Crawl Stone Soup version 0.31-a0-521-gc7390f8997 (webtiles) character file.

Game seed: 3676017210028423350

1944 CraigForest the Grappler (level 8, 0/74 (75) HPs)
             Began as a Troll Fighter on Aug 11, 2023.
             Was an Initiate of Gozag.
             Slain by a gnoll
             ... wielding a +0 whip
             ... led by a gnoll bouda
              (4 damage)
             ... on level 7 of the Dungeon.
             The game lasted 00:15:36 (5141 turns).

CraigForest the Grappler (Troll Fighter)            Turns: 5141, Time: 00:15:37

HP:   0/74 (75)     AC:  4    Str: 27    XL:     8   Next: 98%
MP:   7/7           EV:  9    Int:  4    God:    Gozag
Gold: 803           SH:  8    Dex:  9    Spells: 7/7 levels left

rFire   + +          .
                       - Unarmed
rCold   + . .        b - +0 kite shield
rNeg    + . .        a - +0 robe
rPois   .            (helmet restricted)
rElec   .            m - scarf {rC+ rF+}
rCorr   .            (gloves unavailable)
SInv    .            (boots unavailable)
Will    .....        (no amulet)
Stlth   +            G - ring of positive energy
HPRegen 1.12/turn    l - ring of protection from fire
MPRegen 0.10/turn

%: no passive effects
@: gold aura, lightly drained
A: large, unfitting armour, claws 3, regeneration 1, shaggy fur 1, tough skin 1
a: Renounce Religion, Potion Petition, Call Merchant, Bribe Branch


You were on level 7 of the Dungeon.
You worshipped Gozag.
Gozag was pleased with you.
You visited 1 branch of the dungeon, and saw 7 of its levels.

You collected 803 gold pieces.

Inventory:

Hand Weapons
 k - the +5 woodcutter's axe
   (You found it on level 2 of the Dungeon)
 z - a +2 trident of protection
Missiles
 f - 5 poisoned darts
 t - 3 throwing nets
Armour
 a - a +0 robe (worn)
 b - a +0 kite shield (worn)
 m - a scarf of resistance (worn)
Jewellery
 g - a +6 ring of intelligence
 l - a ring of protection from fire (right claw)
 G - a ring of positive energy (left claw)
Wands
 y - a wand of roots (14)
 A - a wand of flame (9)
 E - a wand of charming (4)
Scrolls
 e - a scroll of teleportation {unknown}
 i - 3 scrolls of enchant armour {unknown}
 j - 2 scrolls of silence {unknown}
 o - 2 scrolls of amnesia {unknown}
 p - a scroll of fog {unknown}
 q - a scroll of immolation {unknown}
 u - 2 scrolls of brand weapon {unknown}
 w - 4 scrolls of noise {unknown}
 C - a scroll of poison {unknown}
 D - a scroll of butterflies {unknown}
 F - a scroll of fear {unknown}
Potions
 c - a potion of might
 d - 2 potions of haste
 h - 2 potions of brilliance
 r - 2 potions of attraction
 s - 2 potions of berserk rage
 v - a potion of magic {unknown}
 x - 5 potions of curing
 B - a potion of degeneration {unknown}
 H - a potion of enlightenment {unknown}


   Skills:
 + Level 3.3 Fighting
 + Level 5.0 Dodging
 + Level 5.3 Shields
 + Level 8.9 Unarmed Combat


You had 7 spell levels left.
You didn't know any spells.
Your spell library contained the following spells:

 Spells                   Type           Power      Damage    Failure   Level
 Stone Arrow              Conj/Erth      0%         3d7       97%         3
 Animate Armour           Summ/Erth      0%         N/A       100%        4
 Lehudib's Crystal Spear  Conj/Erth      0%         10d2      100%        8


Dungeon Overview and Level Annotations

Branches:
Dungeon (7/15)             Temple (0/1) D:5

Altars:
Dithmenos
Gozag
Kikubaaqudgha
Nemelex Xobeh
Ru

Shops:
D:5 :   D:6 (


Innate Abilities, Weirdness & Mutations

You are too large for most types of armour.
You have claws for hands.
Your natural rate of healing is unusually fast.
You are covered in fur. (AC +1)
You have tough skin. (AC +1)


Message History

The gnoll bouda is moderately wounded.
The javelin pierces through the gnoll!
The gnoll is almost dead.
The gnoll bouda hits you with a +0 club!
You block the gnoll's attack.
The gnoll bouda gazes fiercely through you!
You feel your attacks grow feeble. You block the gnoll bouda's attack.
The gnoll closely misses you.
Throw: javelin
Press: ? - help, Q - select action, (/) - cycle Shift-Dir - straight line You throw a javelin.
The javelin hits the gnoll bouda and shatters, but does no damage.
The gnoll bouda is moderately wounded.
The gnoll bouda barks out a call to the hunt!
The gnoll picks up the pace!
You block the gnoll's attack.
You closely miss the gnoll bouda.
The gnoll bouda is moderately wounded.
You block the gnoll bouda's attack. The gnoll completely misses you.
You claw the gnoll bouda!
The gnoll bouda is almost dead.
The gnoll bouda hits you with a +0 club.
The gnoll closely misses you.
You mangle the gnoll bouda!!
You kill the gnoll bouda!
The gnoll hits you from afar with a +0 halberd.
The gnoll hits you with a +0 club!
* * * LOW HITPOINT WARNING * * *
You claw the gnoll!
The gnoll is almost dead.
Your attacks no longer feel as feeble.
The gnoll closely misses you. The gnoll hits you with a +0 club.
* * * LOW HITPOINT WARNING * * *
You claw the gnoll!
You kill the gnoll!
The gnoll hits you from afar with a +0 halberd!
* * * LOW HITPOINT WARNING * * *
The gnoll hits you with a +0 whip.
You die...
Your body crumbles into a pile of gold.

#........#
#####)##.#
#########.#..#
#......##)#.#
#.....##.#.#
#........(#
##...##$.(####
##..gg.....(.#
$
##@##...(.(..
#..#..###...(
######..####
#... #...<...#
... #....)..#
## #########


You could see 2 gnolls.

Vanquished Creatures
  Grinder (D:4)
  Sigmund (D:4)
  A water moccasin (D:6)
  2 ogres (D:6)
  2 phantoms (D:6)
  3 scorpions
  3 wights (D:7)
  3 howler monkeys
  3 orc priests
  3 hounds
  A gnoll bouda (D:7)
  2 iguanas
  4 orc wizards
  2 sleepcaps
  7 adders
  10 gnolls
  A shadow imp (D:6)
  An ufetubus (D:5)
  A worm (D:3)
  A dart slug (D:1)
  23 orcs
  6 ball pythons
  8 bats
  7 endoplasms
  6 giant cockroaches
  9 goblins
  3 hobgoblins
  13 jackals
  5 kobolds
  6 quokkas
  5 frilled lizards
  2 rats
145 creatures vanquished.

Notes
Turn   | Place    | Note
-------+----------+-------------------------------------------
     0 | D:1      | CraigForest the Troll Fighter began the quest for the Orb.
     0 | D:1      | Reached XP level 1. HP: 22/22 MP: 0/0
   159 | D:1      | Reached XP level 2. HP: 29/29 MP: 1/1
   641 | D:1      | Reached XP level 3. HP: 36/36 MP: 2/2
   994 | D:2      | Found the +5 woodcutter's axe
  1023 | D:2      | Reached XP level 4. HP: 44/44 MP: 3/3
  1039 | D:2      | Reached skill level 3 in Unarmed Combat
  1378 | D:3      | Found an ancient bone altar of Kikubaaqudgha.
  1423 | D:3      | Found a faded altar of an unknown god.
  1432 | D:3      | Prayed at the altar of an unknown god.
  1432 | D:3      | Became a worshipper of Gozag Ym Sagoz the Greedy
  1976 | D:3      | Found a shadowy altar of Dithmenos.
  2228 | D:4      | Reached XP level 5. HP: 50/50 MP: 4/4
  2247 | D:4      | Reached skill level 4 in Unarmed Combat
  2252 | D:4      | Reached XP level 6. HP: 48/59 MP: 5/5
  2348 | D:4      | Identified the +0 robe of the Furrier {*Corrode rPois
                  | Will+}
  2469 | D:4      | Noticed Sigmund
  2491 | D:4      | Killed Sigmund
  2492 | D:4      | Reached skill level 5 in Unarmed Combat
  2619 | D:4      | Reached XP level 7. HP: 63/67 MP: 6/6
  2758 | D:4      | Noticed Grinder
  2770 | D:4      | Killed Grinder
  2771 | D:4      | Reached skill level 6 in Unarmed Combat
  3274 | D:5      | Entered Level 5 of the Dungeon
  3388 | D:5      | Identified the +1 leather armour of Mubif {Str+3}
  3429 | D:5      | Found a staircase to the Ecumenical Temple.
  3500 | D:5      | Found a sacrificial altar of Ru.
  3575 | D:5      | Reached skill level 7 in Unarmed Combat
  3654 | D:5      | Found Vuahoek's Book Shoppe.
  3744 | D:5      | Reached XP level 8. HP: 75/75 MP: 7/7
  4250 | D:6      | Found a sparkling altar of Nemelex Xobeh.
  4564 | D:6      | Reached skill level 8 in Unarmed Combat
  4611 | D:6      | Reached skill level 5 in Shields
  4864 | D:6      | Found Raceoz's Antique Weapon Emporium.
  5060 | D:7      | Reached skill level 5 in Dodging
  5140 | D:7      | HP: 3/74 [gnoll/+0 halberd[a gnoll bouda] (13)]
  5141 | D:7      | Slain by a gnoll

Illustrated notes

Levels and vault maps discovered:
D:1:      zelgadis_glass_arrival_large, layout_loops_corners, serial_bayou,
          serial_bayou_pond_a, serial_bayou_lagoon_a, serial_bayou_shore_a,
          serial_bayou_crossing
D:2:      layout_basic, nicolae_half_adder
D:3:      layout_loops_corners, mainiacjoe_overflow_chevrons,
          grunt_dithmenos_smoke_and_mirrors,
          chequers_ecumenical_altar_simple_redux
D:4:      layout_basic, uniq_sigmund, uniq_grinder
D:5:      layout_loops_ring, nicolae_ru_path_of_blood,
          minmay_temple_entry_sparse_star, serial_shops,
          nicolae_shop_statue_plus
D:6:      layout_basic, mainiacjoe_overflow_boulevard, serial_shops, shop
D:7:      minmay_chambers_of_sevens, layout_rooms,
          mainiacjoe_overflow_surrounded_room, nicolae_uskayaw_en_pointe,
          zin_academy

Skill      XL: |  1  2  3  4  5  6  7  8 |
---------------+-------------------------+-----
Shields        | 3 4 5 |  5.3
Unarmed Combat | 3 4 5 7 8 |  8.9
Dodging        | 3 4 5 |  5.0
Fighting       | 3 |  3.3

Action                     |  1- 3 |  4- 6 |  7- 9 || total
---------------------------+-------+-------+-------++-------
  Melee: Unarmed           |   100 |   139 |   155 ||   394
  Throw: Javelin           |       |       |    12 ||    12
    Use: Scroll            |       |     3 |     2 ||     5
   Stab: Distracted        |       |       |     1 ||     1
 Armour: Robe              |    26 |    43 |    22 ||    91
  Dodge: Dodged            |    40 |    44 |    47 ||   131
  Block: Kite shield       |    29 |    35 |    65 ||   129

Table legend: (Time is in decaauts)
 A = Elapsed time spent in this place.
 B = Non-inter-level travel time spent in this place.
 C = Inter-level travel time spent in this place.
 D = Time resting spent in this place.
 E = Time spent auto-exploring this place.
 F = Levels seen in this place.
 G = Mean time per level.
                   A        B        C        D        E       F      G
               +--------+--------+--------+--------+--------+-----+--------+
         Total |   5152 |   4790 |    362 |     36 |   3813 |   7 |  736.0 |
       Dungeon |   5152 |   4790 |    362 |     36 |   3813 |   7 |  736.0 |
               +--------+--------+--------+--------+--------+-----+--------+

Top non-repeatable levels by time:
     D:4: 1139 daAuts
     D:6: 985 daAuts
     D:1: 862 daAuts
     D:3: 795 daAuts
     D:5: 765 daAuts
     D:2: 489 daAuts
     D:7: 116 daAuts
